Cogmind - Beta 14 @@@ ROGUE MODE // 2024.09.05 @ 12:39:01 Player: Minty Result: Destroyed by Dirty Bomb Trap Performance ------------- Evolutions (3) 1500 Regions Visited (11) 2200 Robots Destroyed (255) 1275 Value Destroyed (9671) 9671 Prototype IDs (29) 580 Alien Tech Used (0) 0 Bonus (4548) 4548 TOTAL SCORE: 19774 Bonus ------- High Alert Combat Kills 4045 Follower Combat Kills 433 Entered Garrisons 200 Used RIF Installer 500 Aligned with FarCom 300 Friendly Fire -930 Cogmind --------- Core Integrity 0/700 Matter 300/300 Energy 300/300 System Corruption 14% Temperature Cool (0) Movement Treading (160) Location -7/Lower Caves Parts ------- > --- POWER (1) -------- Enhanced Nuclear Core > --- PROPULSION (3) --- Light Treads Improved Heavy Treads > --- UTILITY (5) ------ Relay Coupler [Swarmer] (40) Relay Coupler [Sentry] (27) Improved Field Recycling Unit > --- WEAPON (4) ------- XL Autogun Subcomponent XL Autogun Subcomponent XL Autogun Subcomponent XL Autogun Subcomponent > --- INVENTORY (5) ---- Firepult YOLO Cannon Remote Datajack Peak State ------------ > --- POWER ------------ Heavy Ion Engine > --- PROPULSION ------- Improved Heavy Treads > --- UTILITY ---------- Advanced Heat Sink Improved Cooling System Huge Storage Unit Improved Signal Interpreter Improved Field Recycling Unit > --- WEAPON ----------- XL Autogun Array > --- INVENTORY -------- Improved Heavy Treads Aluminum Leg Carbon-fiber Leg Relay Coupler [NC] Relay Coupler [Swarmer] Relay Coupler [Grunt] Relay Coupler [Sentry] Relay Coupler [Sentry] Relay Coupler [Hunter] Relay Coupler [Heavy] Lightning Gun Lightning Gun Lightning Gun Lightning Gun Firepult YOLO Cannon Missile Launcher [Rating: 80] Favorites ----------- Power Improved Ion Engine Engine Improved Ion Engine Power Core Enhanced Nuclear Core Propulsion Improved Heavy Treads Treads Improved Heavy Treads Leg Aluminum Leg Wheel Wheel Utility High-capacity Storage Unit Device Advanced Heat Sink Storage High-capacity Storage Unit Processor Advanced Targeting Computer Hackware Relay Coupler [Hunter] Protection Medium Armor Plating Weapon Autogun Energy Gun Variable Charge Gun Energy Cannon Improved EM Pulse Cannon Ballistic Gun Autogun Ballistic Cannon Enhanced Gauss Cannon Launcher Improved Grenade Launcher Special Weapon Remote Datajack Build | -11 -10 -10 -9 -9 -9 -8 -8 -8 -8 -7 -7 ------- Run | Yrd Mat Min Mat Min Exi Min Mat Gar Mat Fac Low Slots Evolved 6 | . . . 2 . . . 2 . . 2 . Power . | . . . . . . . . . . . . Propulsion 1 | . . . . . . . . . . 1 . Utility 3 | . . . . . . . 2 . . 1 . Weapon 2 | . . . 2 . . . . . . . . Parts Attached 183 | . 11 . 26 7 3 7 2 31 27 69 . Power 14 | . 1 . 3 . . . . 4 2 4 . Engine 9 | . 1 . 3 . . . . 3 2 . . Core 5 | . . . . . . . . 1 . 4 . Reactor . | . . . . . . . . . . . . Propulsion 37 | . 3 . 5 2 . . . 4 6 17 . Treads 16 | . . . 2 . . . . 2 3 9 . Leg 10 | . 1 . . . . . . 2 3 4 . Wheel 11 | . 2 . 3 2 . . . . . 4 . Hover . | . . . . . . . . . . . . Flight . | . . . . . . . . . . . . Utility 38 | . 2 . 4 1 1 . 2 8 6 14 . Device 16 | . . . 2 . . . . 7 3 4 . Storage 5 | . 1 . 1 . 1 . . . 1 1 . Processor 9 | . 1 . . 1 . . 2 1 2 2 . Hackware 7 | . . . . . . . . . . 7 . Protection 1 | . . . 1 . . . . . . . . Artifact . | . . . . . . . . . . . . Weapon 94 | . 5 . 14 4 2 7 . 15 13 34 . Energy Gun 20 | . 3 . 5 1 . . . 3 1 7 . Energy Cannon 10 | . . . 1 . . . . 1 2 6 . Ballistic Gun 32 | . . . 6 . 2 6 . 4 4 10 . Ballistic Cannon 1 | . . . . . . . . 1 . . . Launcher 21 | . 2 . 2 3 . 1 . 6 6 1 . Special Weapon 10 | . . . . . . . . . . 10 . Impact Weapon . | . . . . . . . . . . . . Slashing Weapon . | . . . . . . . . . . . . Piercing Weapon . | . . . . . . . . . . . . Special Melee Weapon . | . . . . . . . . . . . . Unidentified Prototypes 4 | . . . 1 . . . . . 2 1 . Corrupted Parts 10 | . . . 1 1 . . . 5 1 2 . System Corruption 44 | . . . 3 4 . . . 20 7 10 . Parts Lost 47 | . 5 . 3 3 . . 1 5 9 21 . Power 4 | . 1 . . . . . . . 1 2 . Propulsion 17 | . 1 . 1 1 . . 1 1 2 10 . Utility 7 | . . . . 1 . . . 1 1 4 . Weapon 19 | . 3 . 2 1 . . . 3 5 5 . Highest Loss Streak 9 | . 3 . 2 2 . . 1 3 6 9 . To Critical Strikes . | . . . . . . . . . . . . Average Slot Usage (%) 80 | . 83 57 92 95 60 95 98 82 82 63 76 Engine 7 | . 13 . 10 11 11 11 9 8 6 3 . Treads 5 | . . . 4 . . . . 7 9 2 15 Leg 4 | . 26 . . . . . . . 4 9 . Wheel 5 | . . 28 15 21 22 22 16 . . 2 . Device 11 | . . . 6 . . . . 16 18 7 7 Storage 9 | . 14 14 11 11 11 11 9 9 9 6 . Processor 7 | . . . . 6 11 11 27 10 7 7 . Hackware 1 | . . . . . . . . . . 7 15 Energy Gun 4 | . 10 14 15 2 . . . 6 . 5 . Ballistic Gun 9 | . 15 . 18 29 5 39 36 5 3 2 30 Ballistic Cannon 3 | . . . . . . . . 6 6 . . Launcher 7 | . 1 . 4 8 . . . 11 15 . . Peak Build Rating 80 | . 9 5 18 19 50 50 31 70 67 80 59 Average Rating 43 | . 6 5 16 17 30 28 30 58 52 45 59 On Entrance 29 | 6 6 5 5 18 16 50 26 30 65 67 59 Naked Turns . | . . . . . . . . . . . . Heaviest Build 118 | 13 20 12 46 46 62 62 59 87 85 118 32 Greatest Support 95 | 20 26 26 40 26 26 26 26 75 75 95 95 Greatest Overweight (x) 29 | . . . 1 1 2 2 3 18 23 29 . Average Overweight (x) 1 | . . . . 1 1 1 2 1 1 3 . Largest Inventory Capacity 25 | . 10 10 15 15 20 20 20 20 20 25 5 Average Capacity 18 | . 9 10 12 15 15 20 20 20 20 23 5 Most Carried 25 | . 10 9 15 15 15 20 18 20 20 25 5 Average Carried 18 | . 9 9 11 14 14 18 17 19 19 22 5 Final Capacity 20 | 8 10 10 15 15 20 20 20 20 20 5 5 Final Carried 20 | 6 9 9 15 15 15 19 18 20 20 5 5 Class Distribution -------------------- 26% | Gunner 25% | Scavenger-Skirmisher 13% | Skirmisher 10% | Bothacker-Mutant 8% | Mutant 6% | Scavenger-Mutant 4% | Tank 3% | Scavenger-Gunner Dominant Class ---------------- Mutant | -10/Materials Mutant | -10/Mines Gunner | -9/Materials Gunner | -9/Mines Gunner | -9/Exiles Skirmisher | -8/Mines Gunner | -8/Materials Scavenger-Skirmisher | -8/Garrison Scavenger-Skirmisher | -8/Materials Bothacker-Mutant | -7/Factory Gunner | -7/Lower Caves Resources | -11 -10 -10 -9 -9 -9 -8 -8 -8 -8 -7 -7 ----------- Run | Yrd Mat Min Mat Min Exi Min Mat Gar Mat Fac Low Matter Collected 6546 | 157 269 . 1010 272 . 417 387 1467 1436 1091 40 Remotely . | . . . . . . . . . . . . Salvage Created 9715 | . 432 . 1865 432 . 150 387 2011 2205 2195 38 Parts 560 | . 46 . 127 35 . 15 19 97 109 110 2 Haulers Intercepted 11 | . 1 . 4 . . . 1 1 4 . . Recyclers Shooed 7 | . . . 3 1 . . 1 . 1 1 . Parts Field Recycled 21 | . . . . . . . . . . 21 . Retrieved Matter 274 | . . . . . . . . . . 274 . Parts Self-Destructed 2 | . . . . . . . . . . . 2 Prevented . | . . . . . . . . . . . . Kills | -11 -10 -10 -9 -9 -9 -8 -8 -8 -8 -7 -7 ------- Run | Yrd Mat Min Mat Min Exi Min Mat Gar Mat Fac Low Combat Hostiles Destroyed 190 | . 13 . 31 16 . 3 3 44 42 38 . Guns 85 | . 5 . 18 9 . 3 3 23 7 17 . Cannons 23 | . . . 1 . . . . 6 10 6 . AOE 66 | . 8 . 11 7 . . . 14 19 7 . Classes Destroyed 22 | . 7 . 4 3 . . . 4 2 1 1 Worker 14 | . 3 . 5 1 . . . . 3 2 . Builder 14 | . 3 . 3 . . . 1 . 3 4 . Tunneler 5 | . . . . 2 . 3 . . . . . Hauler 11 | . 1 . 4 . . . 1 1 4 . . Recycler 11 | . 1 . 5 . . 1 2 . 1 1 . Minesweeper 1 | . . . . . . . . . . . 1 Mechanic 3 | . . . 1 . . . . . 1 1 . Operator 2 | . 1 . 1 . . . . . . . . Watcher 7 | . . . 3 . . . 1 . 2 1 . Swarmer 28 | . 8 . 6 3 . 3 . 5 1 2 . Grunt 97 | . 5 . 17 5 . . 3 25 21 21 . Brawler 10 | . . . . . . . . 1 6 3 . Duelist 5 | . . . 2 . . . . 1 2 . . Protector 6 | . . . . . . . . . 5 1 . Sentry 22 | . . . 6 . . . . 7 7 2 . Demolisher 2 | . . . . 2 . . . . . . . Specialist 4 | . . . . . . . . 1 . 3 . Hunter 2 | . . . . . . . . . 1 1 . Programmer 7 | . . . . . . . . 3 . 4 . Heavy 1 | . . . . . . . . . . 1 . Behemoth 1 | . . . . . . . . 1 . . . Assembled 6 | . . . . 6 . . . . . . . Thug 2 | . . . . . . . . . 2 . . Best Kill Streak 18 | . 9 . 18 7 . 3 8 5 8 6 1 Combat Bots Only 8 | . 5 . 8 6 . 3 2 5 5 6 . Max Kills in Single Turn 5 | . 4 . 5 2 . 1 1 2 4 4 1 Gunslinging . | . . . . . . . . . . . . Exploded 3 | . 3 . 3 2 . . . 2 3 2 . Melee . | . . . . . . . . . . . . Uniques/NPCs Destroyed . | . . . . . . . . . . . . Combat | -11 -10 -10 -9 -9 -9 -8 -8 -8 -8 -7 -7 -------- Run | Yrd Mat Min Mat Min Exi Min Mat Gar Mat Fac Low Hostile Shots Fired 662 | . 107 . 82 31 . 5 8 147 95 187 . Missed 206 | . 36 . 27 9 . 2 1 51 23 57 . Damage Taken 8161 | . 708 . 774 480 . 20 105 1484 1572 2939 79 Core 1470 | . 223 . 143 10 . 8 . 142 214 651 79 Absorbed by Shields 301 | . . . . . . . . 276 . 25 . Core Remaining (%) 51 | 100 . 10 . . . 59 . . 35 . . Volleys Fired 445 | . 51 . 67 28 . 12 13 97 69 106 2 Largest 4 | . 2 . 4 4 . 4 4 4 4 4 4 Hottest 319 | . 70 . 168 102 . 92 92 253 250 319 80 Shots Fired 1009 | . 100 . 194 89 . 35 52 246 115 170 8 Gun 760 | . 91 . 171 76 . 35 52 171 31 125 8 Cannon 111 | . . . 6 . . . . 43 44 18 . Launcher 111 | . 9 . 17 13 . . . 32 40 . . Special 27 | . . . . . . . . . . 27 . Kinetic 580 | . 53 . 83 75 . 35 52 160 64 50 8 Thermal 122 | . 18 . 18 . . . . 54 11 21 . Explosive 74 | . 9 . 17 8 . . . 14 26 . . Electromagnetic 206 | . 20 . 76 6 . . . 18 14 72 . Robot Hit Streak 49 | . 4 . 9 6 . 3 11 49 6 10 5 Robot Miss Streak 6 | . 5 . 6 4 . 2 2 4 4 5 1 Penetration Max 1 | . . . . . . . . 1 1 . . Secondary Targets 5 | . . . . 3 . . . 2 . . . Max Gunslinging Chain 1 | . . . . 1 . . . 1 . . . Autonomous 16 | . . . . . . . . 16 . . . Shots Hit Robots 597 | . 49 . 119 51 . 10 34 153 61 114 6 Core Hits 458 | . 30 . 80 33 . 7 15 99 110 82 2 Critical Kills 1 | . . . . . . . . 1 . . . Critical Parts Destroyed 5 | . . . 1 . . 1 . 3 . . . Critical Strikes 15 | . 1 . 2 . . 1 . 7 2 2 . Burn 3 | . 1 . 1 . . . . . . 1 . Meltdown 1 | . . . . . . . . 1 . . . Destroy 5 | . . . 1 . . 1 . 3 . . . Blast 5 | . . . . . . . . 3 2 . . Corrupt 1 | . . . . . . . . . . 1 . Melee Attacks . | . . . . . . . . . . . . Impact . | . . . . . . . . . . . . Slashing . | . . . . . . . . . . . . Piercing . | . . . . . . . . . . . . Sneak Attacks . | . . . . . . . . . . . . Combat Hostiles . | . . . . . . . . . . . . Follow-up Attacks . | . . . . . . . . . . . . Damage Inflicted 22129 | . 1321 . 3078 1202 . 318 549 5745 5099 4696 121 Guns 9562 | . 558 . 1545 716 . 318 549 2284 874 2597 121 Cannons 2776 | . . . 62 . . . . 1022 929 763 . Explosions 9637 | . 761 . 1471 486 . . . 2439 3166 1314 . Melee . | . . . . . . . . . . . . Ramming 154 | . 2 . . . . . . . 130 22 . Kinetic 8194 | . 331 . 655 704 . 318 549 2079 1496 1941 121 Thermal 5544 | . 199 . 785 . . . . 1456 1011 2093 . Explosive 4682 | . 661 . 836 368 . . . 949 1868 . . Electromagnetic 3544 | . 128 . 802 130 . . . 1250 594 640 . Impact 11 | . . . . . . . . 11 . . . Slashing . | . . . . . . . . . . . . Piercing . | . . . . . . . . . . . . Highest Corruption 30 | . . . 5 9 9 9 . 23 30 13 13 Average Corruption 16 | . . . 3 6 9 9 . 15 27 12 13 Corruption Purged . | . . . . . . . . . . . . Corruption Blocked 15 | . . . . . . . . . 15 . . Effects 298 | . . . 17 9 9 15 . 84 114 46 4 Message Errors 71 | . . . 5 1 4 4 . 18 28 10 1 Matter Fused 70 | . . . 1 1 1 6 . 26 24 11 . Heat Flow Errors 40 | . . . 1 1 1 . . 12 17 7 1 Energy Discharges 33 | . . . . 2 2 2 . 7 14 6 . Parts Rejected 2 | . . . 2 . . . . . . . . Parts Fused 4 | . . . . . . . . 2 1 1 . Data Loss (minor) 31 | . . . 1 1 . 2 . 10 12 5 . Data Loss (major) 11 | . . . . 2 1 . . 2 4 2 . Misfires 16 | . . . 1 . . . . 5 7 2 1 Alerts 1 | . . . . . . . . . 1 . . Misdirections 1 | . . . . . . . . . . 1 . Weapon Failures 18 | . . . 6 1 . 1 . 2 6 1 1 Overload Shots . | . . . . . . . . . . . . Overflow Damage 239 | . . . 82 3 . . . 60 82 12 . Projectiles 54 | . . . . . . . . 40 14 . . Explosions 178 | . . . 82 3 . . . 20 61 12 . Melee 7 | . . . . . . . . . 7 . . Knockbacks 7 | . . . . . . . . 3 4 . . Impact 1 | . . . . . . . . . 1 . . Kinetic 6 | . . . . . . . . 3 3 . . Secondary . | . . . . . . . . . . . . Self-Inflicted Damage 1066 | . . . 28 63 . . . 216 446 234 79 Shots 45 | . . . 2 2 . . . 9 18 13 1 Rammed 20 | . . . . . . . . . 19 1 . Targets Rammed 22 | . 1 . . . . . . . 19 2 . Kicked 2 | . 1 . . . . . . . . 1 . Crushed . | . . . . . . . . . . . . Highest Temperature 641 | . 99 . 267 369 171 152 145 429 546 641 216 Average Temperature 118 | . 29 . 83 128 94 43 68 129 156 179 87 Received Heat Transfer 2388 | . 180 . 243 140 . . 63 568 621 573 . Effects 30 | . . . 1 1 . . . 9 3 16 . Shutdowns 5 | . . . . . . . . . 1 4 . Energy Bleed 5 | . . . . 1 . . . 3 . 1 . Interference 11 | . . . 1 . . . . 1 1 8 . Matter Decay 2 | . . . . . . . . . 1 1 . Short Circuit 1 | . . . . . . . . 1 . . . Damage (minor) 6 | . . . . . . . . 4 . 2 . Siege Activations . | . . . . . . . . . . . . Robots Corrupted 3 | . . . 1 . . . . . 1 1 . Combat Hostiles 2 | . . . 1 . . . . . . 1 . Parts Fried 9 | . . . 1 . . . . 1 3 4 . Impact Corruptions 1 | . . . . . . . . . 1 . . Robots Melted 15 | . . . . . . . . 1 7 7 . Combat Hostiles 14 | . . . . . . . . 1 6 7 . Parts Melted 54 | . . . 2 . . . . 8 19 25 . Heat Transferred 13910 | . 420 . 1044 . . . . 1839 4392 6215 . Parts Sabotaged . | . . . . . . . . . . . . Parts Stolen . | . . . . . . . . . . . . Parts Stripped . | . . . . . . . . . . . . Power Chain Reactions 18 | . 2 . 3 . . . . 5 6 2 . Alert | -11 -10 -10 -9 -9 -9 -8 -8 -8 -8 -7 -7 ------- Run | Yrd Mat Min Mat Min Exi Min Mat Gar Mat Fac Low Peak Influence 2765 | . 454 94 1067 676 . 168 122 2765 2351 1610 . Initial 1347 | . . 94 36 357 . . . 79 1347 1069 . Average 1177 | . 273 94 622 579 . 130 44 1216 1947 1082 . Maximum Alert Level 5 | . 2 . 3 2 . . . 5 5 5 . Low Security (%) 11 | . 26 100 21 . . 100 100 3 . . . Level 1 6 | . 46 . 8 2 . . . 9 . . . Level 2 12 | . 27 . 14 97 . . . 24 . . . Level 3 26 | . . . 55 . . . . 16 . 77 . Level 4 9 | . . . . . . . . 13 4 19 . Level 5 34 | . . . . . . . . 31 95 2 . High Security . | . . . . . . . . . . . . Max Security . | . . . . . . . . . . . . Squads Dispatched 33 | . 4 . 5 . . . 1 . 8 15 . Investigation 9 | . 2 . 4 . . . . . 1 2 . Extermination 1 | . . . . . . . . . . 1 . Reinforcement 10 | . 2 . 1 . . . . . 1 6 . Assault 9 | . . . . . . . . . 6 3 . Garrison 4 | . . . . . . . 1 . . 3 . Intercept . | . . . . . . . . . . . . Searches Triggered . | . . . . . . . . . . . . Construction Impeded 3 | . . . . . . . . . 1 2 . Haulers Reinforced . | . . . . . . . . . . . . Active Scanning Responses . | . . . . . . . . . . . . Cargo Convoy Interrupts 1 | . . . . . . . . . . 1 . Stealth | -11 -10 -10 -9 -9 -9 -8 -8 -8 -8 -7 -7 --------- Run | Yrd Mat Min Mat Min Exi Min Mat Gar Mat Fac Low Distress Signals 8 | . 1 . 3 . . . 1 . 2 1 . Communications Jammed . | . . . . . . . . . . . . Distress Signals . | . . . . . . . . . . . . Times Spotted 261 | . 28 . 38 14 . 3 5 53 58 62 . Peak Tracking Total 9 | . 7 . 5 3 . 3 1 5 6 9 . Tactical Retreats 12 | . 1 . 1 1 . . . 4 3 2 . Traps | -11 -10 -10 -9 -9 -9 -8 -8 -8 -8 -7 -7 ------- Run | Yrd Mat Min Mat Min Exi Min Mat Gar Mat Fac Low Traps Triggered 12 | . . . 2 . . . . 7 . 2 1 Indirectly 2 | . . . . . . . . 2 . . . Trap Hack Attempts . | . . . . . . . . . . . . Triggered . | . . . . . . . . . . . . Disarmed . | . . . . . . . . . . . . Reprogrammed . | . . . . . . . . . . . . Reused . | . . . . . . . . . . . . Traps Extracted . | . . . . . . . . . . . . Installed 3 | . . . . . . . . . . . 3 Triggered 1 | . . . . . . . . . . 1 . Machines | -11 -10 -10 -9 -9 -9 -8 -8 -8 -8 -7 -7 ---------- Run | Yrd Mat Min Mat Min Exi Min Mat Gar Mat Fac Low Machines Disabled 40 | . 1 . 8 1 . 3 . 13 8 6 . Max in Single Turn 4 | . 1 . 4 1 . 1 . 1 2 1 . Garrison Access 1 | . . . . . . . . . . 1 . Garrison Relay 6 | . . . . . . . . 6 . . . Phase Generator 1 | . . . . . . . . 1 . . . Machines Repaired . | . . . . . . . . . . . . Machines Dismantled . | . . . . . . . . . . . . Machines Sabotaged 1 | . . . . . . . . 1 . . . Overloaded Fab Kills . | . . . . . . . . . . . . Hacking | -11 -10 -10 -9 -9 -9 -8 -8 -8 -8 -7 -7 --------- Run | Yrd Mat Min Mat Min Exi Min Mat Gar Mat Fac Low Machines Accessed 23 | . 4 . 4 . 2 . 2 5 2 4 . Terminals 12 | . 3 . 2 . . . . 5 2 . . Fabricators 1 | . . . . . . . . . . 1 . Repair Stations 1 | . . . . . . . . . . 1 . Recycling Units 6 | . 1 . 2 . . . 1 . . 2 . Scanalyzers . | . . . . . . . . . . . . Garrison Access 1 | . . . . . . . 1 . . . . Total Hacks 69 | . 18 . 15 . 2 . 8 10 6 10 . Successful 39 | . 7 . 12 . 2 . 5 6 4 3 . Failed 30 | . 11 . 3 . . . 3 4 2 7 . Catastrophic 6 | . 2 . . . . . . 1 . 3 . Database Lockouts . | . . . . . . . . . . . . Manual 39 | . 15 . 9 . 1 . 6 2 6 . . Terminals 40 | . 16 . 8 . . . . 10 6 . . Fabricators 2 | . . . . . . . . . . 2 . Repair Stations 2 | . . . . . . . . . . 2 . Recycling Units 22 | . 2 . 7 . . . 7 . . 6 . Scanalyzers . | . . . . . . . . . . . . Garrison Access 1 | . . . . . . . 1 . . . . Terminal Hacks 15 | . 4 . 3 . 2 . . 4 2 . . Record 1 | . . . . . 1 . . . . . . Part Schematic 1 | . . . . . . . . . 1 . . Robot Analysis 1 | . 1 . . . . . . . . . . Prototype ID Bank 1 | . . . 1 . . . . . . . . Open Door 2 | . . . . . . . . 2 . . . Emergency Access Points 1 | . . . . . . . . 1 . . . Terminal Index 1 | . 1 . . . . . . . . . . Alert Level 3 | . 1 . 2 . . . . . . . . Registered Components 1 | . . . . . . . . . 1 . . Zone Layout 1 | . 1 . . . . . . . . . . Garrison Registry 1 | . . . . . . . . 1 . . . Derelict Proto ID Bank 1 | . . . . . 1 . . . . . . Fabricator Hacks . | . . . . . . . . . . . . Repair Station Hacks . | . . . . . . . . . . . . Recycling Unit Hacks 8 | . 1 . 3 . . . 1 . . 3 . Report Inventory 6 | . 1 . 2 . . . 1 . . 2 . Retrieve Components 2 | . . . 1 . . . . . . 1 . Scanalyzer . | . . . . . . . . . . . . Garrison Access Hacks 1 | . . . . . . . 1 . . . . Unlock Access 1 | . . . . . . . 1 . . . . Unauthorized Hacks 15 | . 2 . 6 . . . 3 2 2 . . Terminals 8 | . 1 . 3 . . . . 2 2 . . Botnet 3 | . 1 . 1 . . . . . 1 . . Sabotage 4 | . . . 2 . . . . 1 1 . . Override 1 | . . . . . . . . 1 . . . Fabricators . | . . . . . . . . . . . . Repair Stations . | . . . . . . . . . . . . Recycling Units 7 | . 1 . 3 . . . 3 . . . . Monitor 1 | . . . . . . . 1 . . . . Reject 2 | . . . 1 . . . 1 . . . . Recyclers 2 | . . . 1 . . . 1 . . . . Tunnel 2 | . 1 . 1 . . . . . . . . Scanalyzers . | . . . . . . . . . . . . Garrison Access . | . . . . . . . . . . . . Data Cores Recovered . | . . . . . . . . . . . . Used . | . . . . . . . . . . . . Hacking Detections 15 | . 3 . 3 . . . 1 3 1 4 . Full Trace Events 7 | . 2 . 1 . . . . 2 . 2 . Feedback Events . | . . . . . . . . . . . . Feedback Blocked . | . . . . . . . . . . . . Robot Schematics Acquired . | . . . . . . . . . . . . Robots Built . | . . . . . . . . . . . . Authchips . | . . . . . . . . . . . . Time . | . . . . . . . . . . . . Total Robot Build Rating . | . . . . . . . . . . . . Part Schematics Acquired 1 | . . . . . . . . . 1 . . Parts Built . | . . . . . . . . . . . . Authchips . | . . . . . . . . . . . . Time . | . . . . . . . . . . . . Total Part Build Rating . | . . . . . . . . . . . . Parts Repaired . | . . . . . . . . . . . . Time . | . . . . . . . . . . . . Parts Recycled . | . . . . . . . . . . . . Recycled Matter . | . . . . . . . . . . . . Retrieved Matter . | . . . . . . . . . . . . Retrieved Components 12 | . . . 10 . . . . . . 2 . Parts Scanalyzed . | . . . . . . . . . . . . Part Schematics Acquired . | . . . . . . . . . . . . Parts Damaged . | . . . . . . . . . . . . Bothacking | -11 -10 -10 -9 -9 -9 -8 -8 -8 -8 -7 -7 ------------ Run | Yrd Mat Min Mat Min Exi Min Mat Gar Mat Fac Low Used RIF Installer 1 | . . . . . . . . 1 . . . Robots Hacked 15 | . . . . . . . . . . 15 . Non-combat 4 | . . . . . . . . . . 4 . Combat 11 | . . . . . . . . . . 11 . Robot Hacks Applied 19 | . . . . . . . . . . 19 . generate_echo 1 | . . . . . . . . . . 1 . deconstruct_machine 1 | . . . . . . . . . . 1 . ignore_repairs 1 | . . . . . . . . . . 1 . drop_inventory 1 | . . . . . . . . . . 1 . ignore_parts 1 | . . . . . . . . . . 1 . find_shortcuts 1 | . . . . . . . . . . 1 . amplify_resonance 3 | . . . . . . . . . . 3 . wipe_record 2 | . . . . . . . . . . 2 . reboot_system 2 | . . . . . . . . . . 2 . overwrite_iff 3 | . . . . . . . . . . 3 . formatsys_high 3 | . . . . . . . . . . 3 . Relay Couplers Released 25 | . . . . . . . . 23 . 2 . Machine Destruction 25 | . . . . . . . . 23 . 2 . Attached 7 | . . . . . . . . . . 7 . Fabnet Peak Effective % . | . . . . . . . . . . . . Robots Rewired 4 | . . . . . . . . 4 . . . Allies Hacked 1 | . . . . . . . . 1 . . . Hacks Repelled . | . . . . . . . . . . . . Allies | -11 -10 -10 -9 -9 -9 -8 -8 -8 -8 -7 -7 -------- Run | Yrd Mat Min Mat Min Exi Min Mat Gar Mat Fac Low Total Allies 14 | . . . . . . . . 8 . 6 . Largest Group 7 | . . . . . . . . 7 3 1 . Highest-Rated Group 344 | . . . . . . . . 344 78 90 . Highest-Rated Ally 179 | . . . . . . . . 179 31 90 . Total Orders 1 | . . . . . . . . . . 1 . EXPLORE 1 | . . . . . . . . . . 1 . Ally Attacks 93 | . . . . . . . . 40 34 19 . Total Damage 2245 | . . . . . . . . 1083 593 569 . Kills 15 | . . . . . . . . 6 7 2 . Allies Corrupted . | . . . . . . . . . . . . Allies Melted . | . . . . . . . . . . . . Intel | -11 -10 -10 -9 -9 -9 -8 -8 -8 -8 -7 -7 ------- Run | Yrd Mat Min Mat Min Exi Min Mat Gar Mat Fac Low Robot Analysis Total 1 | . 1 . . . . . . . . . . Derelict Logs Recovered 1 | . . . . 1 . . . . . . . Drone Launches 2 | . . . . . . . . . . 2 . Drone Recoveries 1 | . . . . . . . . . . 1 . Exploration | -11 -10 -10 -9 -9 -9 -8 -8 -8 -8 -7 -7 ------------- Run | Yrd Mat Min Mat Min Exi Min Mat Gar Mat Fac Low Turns Passed 8929 | . 432 16 857 256 289 402 147 2447 2198 1753 132 Spaces Moved 3841 | 1 217 18 524 158 261 300 87 943 720 537 75 Core 8 | . . . . . . . . 4 3 1 . Treads 1558 | . . . 81 . . . . 800 521 81 75 Legs 672 | 1 204 . . . . . . 9 196 262 . Wheels 1603 | . 13 18 443 158 261 300 87 130 . 193 . Hover . | . . . . . . . . . . . . Flight . | . . . . . . . . . . . . Fastest Speed 90 | 120 90 90 90 105 105 105 120 145 160 125 160 Average Speed 186 | 120 118 90 115 105 106 119 124 215 253 259 160 Slowest Speed 1500 | 120 120 90 240 105 120 120 145 950 1200 1500 160 Overloaded Moves . | . . . . . . . . . . . . Propulsion Burnouts . | . . . . . . . . . . . . Robots Hopped . | . . . . . . . . . . . . Cave-ins Triggered . | . . . . . . . . . . . . Exploration Rate (%) 36 | 2 42 8 44 32 61 73 8 84 50 18 17 Regions Visited 11 Branch Regions 5 Pre-discovered Areas 3 | . 1 . 1 . 1 . . . . . . Known Exits Taken 2 | . . . . . . . 1 . 1 . . Unknown Exits Taken 8 | 1 1 1 1 1 1 1 . . . 1 . Scrap Searched 2 | . . . . . . 2 . . . . . Spaces Dug 38 | . . . . . . . . . 38 . . Terrain Destroyed 840 | . 31 . 127 89 . 19 . 192 333 49 . Melee . | . . . . . . . . . . . . Projectile 64 | . . . . . . 2 . 8 49 5 . AOE 776 | . 31 . 127 89 . 17 . 184 284 44 . Terrain Rammed . | . . . . . . . . . . . . Walls Destroyed . | . . . . . . . . . . . . Machines Disabled . | . . . . . . . . . . . . Actions | -11 -10 -10 -9 -9 -9 -8 -8 -8 -8 -7 -7 --------- Run | Yrd Mat Min Mat Min Exi Min Mat Gar Mat Fac Low Total 4950 | . 291 17 647 202 275 328 103 1207 984 810 86 Wait 231 | . 1 . . 7 . 4 . 67 115 31 6 Move 3831 | . 216 17 523 157 260 299 87 942 719 536 75 Hop . | . . . . . . . . . . . . Pick Up 75 | . 6 . 15 1 2 4 1 17 19 10 . Fast Attach 66 | . 2 . 12 . 2 1 . 14 11 24 . Attach 66 | . 3 . 6 2 . 3 2 8 5 37 . Detach 51 | . 2 . 4 1 2 1 . 7 4 30 . Swap 51 | . 6 . 8 5 1 3 . 9 11 8 . Drop 77 | . 3 . 12 1 8 1 . 19 12 21 . Fire 445 | . 51 . 67 28 . 12 13 97 69 106 2 Melee . | . . . . . . . . . . . . Ram 1 | . . . . . . . . . . 1 . Kick 2 | . 1 . . . . . . . . 1 . Crush 19 | . . . . . . . . . 19 . . Escape Stasis 6 | . . . . . . . . 2 . 4 . Rewire 26 | . . . . . . . . 25 . 1 . Trap 3 | . . . . . . . . . . . 3 Miscellaneous . | . . . . . . . . . . . . Route ------- -11/Scrapyard -10/Materials (discovered 3 exits: *Mat / [*Min x2]) -10/Mines -9/Materials (discovered 2 exits: *Mat / [*Min]) -9/Mines (discovered 2 exits: *Mat / *Exi) -9/Exiles -8/Mines -8/Materials (discovered 2 exits: Fac / Gar) -8/Garrison (discovered 3 exits: *Mat x3) -8/Materials -7/Factory (discovered 2 exits: [*Fac] / [*Low]) -7/Lower Caves History --------- Turn | Location | Event 1 | -11/Scrapyard | Discovered new exit (range 0) 1 | -11/Scrapyard | Entered Materials 163 | -10/Materials | Discovered new exit (range 8) 174 | -10/Materials | Discovered new exit (range 16) 197 | -10/Materials | Core integrity fell below 50% 314 | -10/Materials | Build established: Mutant 421 | -10/Materials | Core integrity fell below 20% 426 | -10/Materials | Discovered new exit (range 8) 433 | -10/Materials | Entered Mines 443 | -10/Mines | Discovered new exit (range 8) 449 | -10/Mines | Entered Materials 449 | -9/Materials | Evolved 2 slots: Weapon x2 451 | -9/Materials | Lost 3 parts (1p1n1w) 749 | -9/Materials | Build established: Gunner 843 | -9/Materials | Destroyed 8 combat bots 1182 | -9/Materials | Discovered new exit (range 16) 1283 | -9/Materials | Discovered new exit (range 15) 1306 | -9/Materials | Entered Mines 1308 | -9/Mines | Met a Derelict bent on vengeance 1331 | -9/Mines | Build established: Tank 1348 | -9/Mines | Discovered new exit (range 8) 1350 | -9/Mines | Assembled infested the area 1466 | -9/Mines | Learned 4 Materials zone layouts 1557 | -9/Mines | Deemed a non-threat by the Exiles lab entrance 1558 | -9/Mines | Discovered new exit (range 5) 1562 | -9/Mines | Entered Exiles 1591 | -9/Exiles | Met 8R-AWN 1609 | -9/Exiles | Met EX-HEX 1641 | -9/Exiles | Met EX-BIN 1654 | -9/Exiles | Aligned with FarCom system 1655 | -9/Exiles | Given EX-Vault access code 1680 | -9/Exiles | Opened EX-Vault 1686 | -9/Exiles | Found XL Autogun Array 1710 | -9/Exiles | Found Firepult 1716 | -9/Exiles | Found YOLO Cannon 1738 | -9/Exiles | Warned to stay clear of 0b10 Research branches 1769 | -9/Exiles | Met EX-DEC 1774 | -9/Exiles | Learned location of Zion (-6) 1841 | -9/Exiles | Discovered new exit (range 10) 1851 | -9/Exiles | Stole three prototypes: XL Autogun Array, Firepult, YOLO Cannon 1851 | -9/Exiles | Entered Mines 2143 | -8/Mines | Build established: Skirmisher 2246 | -8/Mines | Discovered new exit (range 7) 2253 | -8/Mines | Entered Materials 2253 | -8/Materials | Evolved 2 slots: Utility x2 2254 | -8/Materials | Identified exit to Factory 2346 | -8/Materials | Garrison activated, responded to threat 2400 | -8/Materials | Identified exit to Garrison 2400 | -8/Materials | Entered Garrison 2430 | -8/Garrison | Triggered checkpoint 2497 | -8/Garrison | Garrison Relay disabled 2541 | -8/Garrison | Build established: Gunner 2560 | -8/Garrison | Discovered new exit (range 29) 2560 | -8/Garrison | Discovered new exit (range 65) 2560 | -8/Garrison | Discovered new exit (range 62) 2560 | -8/Garrison | Identified exit to Materials 2649 | -8/Garrison | Triggered checkpoint 2700 | -8/Garrison | Lost 3 parts (1n2w) 2817 | -8/Garrison | Triggered checkpoint 2880 | -8/Garrison | Installed Relay Interface Framework 2928 | -8/Garrison | Triggered checkpoint 3049 | -8/Garrison | Spotted B-75 Beast 3067 | -8/Garrison | Destroyed B-75 Beast 3323 | -8/Garrison | Triggered checkpoint 3338 | -8/Garrison | System corruption reached 10% 3690 | -8/Garrison | Triggered checkpoint 3753 | -8/Garrison | Rescued AZ-K3N 3806 | -8/Garrison | Triggered checkpoint 3807 | -8/Garrison | AZ-K3N assimilated hostile X-62 Marksman 3862 | -8/Garrison | Garrison Relay disabled 3962 | -8/Garrison | Triggered checkpoint 3982 | -8/Garrison | Garrison Relay disabled 4021 | -8/Garrison | Build established: Scavenger-Skirmisher 4054 | -8/Garrison | Garrison Relay disabled 4083 | -8/Garrison | Phase Generator disabled 4335 | -8/Garrison | Triggered checkpoint 4372 | -8/Garrison | Garrison Relay disabled 4420 | -8/Garrison | Rescued a captive Derelict 4430 | -8/Garrison | Rescued a captive Derelict 4519 | -8/Garrison | Spotted B-75 Beast 4535 | -8/Garrison | Allies destroyed B-75 Beast 4764 | -8/Garrison | Triggered checkpoint 4782 | -8/Garrison | Garrison Relay disabled 4847 | -8/Garrison | Entered Materials 4847 | -8/Materials | Accompanied by 3 allies 5247 | -8/Materials | First assault squad dispatched 5596 | -8/Materials | System corruption reached 30% 6156 | -8/Materials | Build established: Skirmisher 6454 | -8/Materials | Core integrity fell below 50% 6484 | -8/Materials | Lost 6 parts (2n1u3w) 6753 | -8/Materials | Discovered exit to Factory (range 16) 6957 | -8/Materials | Build established: Scavenger-Skirmisher 7045 | -8/Materials | Entered Factory 7045 | -7/Factory | Evolved 2 slots: Propulsion x1, Utility x1 7047 | -7/Factory | FarCom data flow suspended 7692 | -7/Factory | Lost 5 parts (2n1u2w) 7716 | -7/Factory | System corruption reached 10% 7959 | -7/Factory | Cargo convoy interrupted 8189 | -7/Factory | Build established: Bothacker-Mutant 8245 | -7/Factory | First assault squad dispatched 8286 | -7/Factory | Lost 3 parts (2n1w) 8410 | -7/Factory | Core integrity fell below 50% 8451 | -7/Factory | Garrison activated, responded to threat 8613 | -7/Factory | Discovered new exit (range 7) 8659 | -7/Factory | Core integrity fell below 20% 8726 | -7/Factory | Lost 9 parts (1p4n2u2w) 8735 | -7/Factory | Discovered new exit (range 15) 8798 | -7/Factory | Entered Lower Caves 8930 | -7/Lower Caves | Destroyed by Dirty Bomb Trap Last Messages --------------- 08796_ K-01 Serf collects debris. LOCATION=UNKNOWN GOAL=ESCAPE 08799_ NQ-T5Q(k) breaks down the debris. 08800_ Acquired 3 matter. 08814_ OZHLLRXJ8I6,S 0NP34GQ%2QSRSZ8DFGH:R 08815_ NQ-T5Q(k) breaks down the debris. 08831_ System corrupted: FCS attempts to trigger XL Autogun Subcomponent. 08831_ System corrupted: XL Autogun Subcomponent misfires. 08833_ NQ-T5Q(k) breaks down the debris. 08850_ System corrupted: Heat flow error (+234). 08913_ Installed Fire Trap. 08917_ M-14 Sweeper reprogrammed Fire Trap. 08919_ System corrupted: XL Autogun Subcomponent jammed. 08919_ M-14 Sweeper destroyed. 08922_ Acquired 37 matter. 08927_ Installed Fire Trap. 08929_ Installed Dirty Bomb Trap. 08930_ Triggered Dirty Bomb Trap. 08930_ An explosion rips through the floor. Map ----- +----------------------------------------------------+ | ?????????????????????????????????????????????????? | | ?????????????????????????????????????????????????? | | ?????????????????????????????????????????????????? | | ?????????????????????????????????????????????????? | | ?????????????????????????????????????????????????? | | ?????????????????????????????????????????????????? | | ?????????????????????????????????????????????????? | | ?????????????????????????????????????????????????? | | ?????????????????????????????????????????????????? | | ?????????????????????????????????????????????????? | | ?????????????????????????????????????????????????? | | ?????????????????????????????????????????????????? | | ?????????????????????????????????????????????????? | | ?????????????????????????????????????????????????? | | ??????????????????????????????????????????????? ? | | ??????????????????????????##?????????????????? | | ?????????????????????????? ##????????????????? | | ?????????????????????????? ##??????????????? | | ?????????????????????????? ##??????? ?????? | | ?????????????????????????? #?????? ?????? | | ????????????????????????## ###### ?? ?? | | ????????????##?????????## ?? ? ??? ?? | | ???????????## ????????## = ????? ?? ?? ?? | | ???????????# ?????### &&& #???????? ??? ### ?? | | ???????????# ????# !&%&&#????????? #??? # #? | | ????????????# ????# &@&##????????# #???? # #? | | ????????????# ???## ^##?????????# #????? #? | | ????????????? ##??# ^ #####???????# #?????? ## | | ??????????????? ### #### ##?###### #??????# # | | ????????????????# ## #?# #?# ## #??????# | | ?????????????????# ## ### ### ## ######## | | ?????????????????# | | ?????????????????## ### | | ??????????????????########## #?# | | ???????????????????????????# ## # | | ???????????????????????????# # ##### | | ???????????????????????????# ## #??? | | ???????????????????????????# ### #?? | | ???????????????????????????# ?## ### #? | | ???????????????????????????## ??##### #??# | | ???????????????????????????? ?????# #??# | | ???????????????????????????? ##????? #??### | | ???????????????????????????? #????? #?????# | | ???????????????????????????? #????# #?????? | | ???????????????????????????? ?????# #?????? | | ???????????????????????????? ?????# #?????? | | ???????????????????????????? ?????# #?????? | | ???????????????????????????? #?????? #??????? | | ???????????????????????????? ??????? ##????????? | | ?????????????????????????????????????????????????? | +----------------------------------------------------+ Best States ------------- Heat Dissipation 96 Coolant Potential 50 Energy Generation 17 Energy Capacity 300 Matter Stores 300 Matter Capacity 300 Sight Range 16 Robot Scan Range 15 Terrain Scan Range 16 Terrain Scan Density 85 Corruption Block 16 Armor Coverage 225 Evasion (%) 55 Targeting Accuracy 24 Recoil Reduction 3 Relay Coupler Types 4 Relay Coupler Value 74 Item Schematics ----------------- Datajack | -8/Materials | Hacked Robot Schematics ------------------ None Fabricated ------------ Nothing Alien Tech Used ----------------- None Achievements -------------- None Challenges ------------ None Game ------ Seed SeismicCommPlatform Manual? 0 Play Time 00:48:29 Cumulative 919.2 hours Start 2024.09.05 @ 11:50:38 End 2024.09.05 @ 12:39:01 Sessions 1 Manual Loads 0 Difficulty Rogue Special Mode None Game No. 1114 Rogue 834 Adventurer 124 Explorer 156 Win Type - Total 39 Types 28/0/8/1/1/0/0/1/0 Lore% 81 Gallery% 90 Achievement% 78 Wizard Run 0 Options --------- Layout 0 ASCII 0 Keyboard 1 Movement Numpad Keybinds 0 Fullscreen 2 Font 18/X11 Map View 76x50 Zoom Use 0% Tactical HUD 1 Map Filters NONE Filters NONE Steam 1 RUN: dc600fc7-7148-4b43-8b22-5c5927d606e5